 Dungeon Crawl Stone Soup version 0.31-a0-851-g7ff8af7976 (webtiles) character file.

Game seed: 6951517608481864393

139 Kurtz the Chopper (level 5, -1/41 HPs)
             Began as a Mummy Delver on Oct 6, 2023.
             Slain by a cerulean imp
             ... wielding a +0 spear
             ... summoned by Natasha
              (4 damage)
             ... on level 2 of the Dungeon.
             The game lasted 00:02:01 (1963 turns).

Kurtz the Chopper (Mummy Delver)                    Turns: 1963, Time: 00:02:02

Health: -1/41      AC:  6    Str: 17    XL:     5   Next: 1%
Magic:  5/5        EV:  9    Int: 10    God:
Gold:   187        SH:  0    Dex: 13    Spells: 4/4 levels left

rFire   x . .        g - +0 bardiche
rCold   + . .        (shield currently unavailable)
rNeg    + + +        i - +0 scale mail
rPois   ∞            (no helmet)
rElec   .            (no cloak)
rCorr   .            (no gloves)
SInv    .            (no boots)
Will    .....        (no amulet)
Stlth   +            k - ring of flight
HPRegen 0.26/turn    (no ring)
MPRegen 0.09/turn

%: faith
@: flying, slowed, very slow
A: cold resistance 1, negative energy resistance 3, torment resistance 2, heat
vulnerability 1, in touch with death 1, no potions, faith
a: no special abilities


You were on level 2 of the Dungeon.
You visited 1 branch of the dungeon, and saw 5 of its levels.

You collected 187 gold pieces.

Inventory:

Hand Weapons
 a - a +0 hand axe
 g - a +0 bardiche (weapon)
Armour
 b - a +0 leather armour
 i - a +0 scale mail (worn)
Jewellery
 k - a ring of flight (left hand)
Wands
 f - a wand of digging (3)
Scrolls
 c - 2 scrolls of fog
 d - a scroll of revelation
 e - a scroll of fear
 h - 5 scrolls of identify {unknown}
 j - a scroll of enchant weapon {unknown}
 l - a scroll of noise {unknown}


   Skills:
 - Level 3.0 Fighting
 + Level 4.3 Axes
 - Level 1.5 Dodging
 - Level 4.1 Stealth


You had 4 spell levels left.
You didn't know any spells.
Your spell library was empty.

Dungeon Overview and Level Annotations

Branches:
Dungeon (5/15)
 Temple: D:4-7

Altars:
Fedhas

Annotations:
D:2 Natasha


Innate Abilities, Weirdness & Mutations

You are immune to poison.
Your flesh is cold resistant. (rC+)
You are immune to negative energy. (rN+++)
You are immune to unholy pain and torment.
You are vulnerable to heat. (rF-)
You are in touch with the powers of death.
You do not drink.
You have a special connection with the divine. (Faith)


Message History

You feel clever.
You start resting.
Natasha, Servant of Life and Death comes into view.
Reach: g) +0 bardiche
Press: ? - help, Dir - move target, f - Natasha
Aim: Natasha (about 70% to evade your +0 bardiche)
You barely miss Natasha.
Natasha mumbles some strange words.
Unknown command.
Reach: g) +0 bardiche
Press: ? - help, Dir - move target, f/p - Natasha
Aim: Natasha (about 70% to evade your +0 bardiche)
You hit Natasha.
Natasha is lightly wounded.
Natasha stares at you and mumbles some strange words.
You feel yourself slow down.
Natasha stares at you and mumbles some strange words.
The magic dart hits you.
* * * LOW HITPOINT WARNING * * *
The cerulean imp hits you but does no damage.
Reach: g) +0 bardiche
Press: ? - help, Dir - move target, f/p - Natasha
Aim: Natasha (lightly wounded, about 70% to evade your +0 bardiche)
You closely miss Natasha.
Natasha is lightly wounded.
Natasha claws you but does no damage. The cerulean imp barely misses you.
Natasha completely misses you.
The cerulean imp hits you from afar with a +0 spear.
* * * LOW HITPOINT WARNING * * *
Natasha barely misses you.
Reach: g) +0 bardiche
Press: ? - help, Dir - move target, f/p - Natasha
Aim: Natasha (lightly wounded, about 70% to evade your +0 bardiche)
You barely miss Natasha.
Natasha is lightly wounded.
The cerulean imp hits you from afar with a +0 spear.
* * * LOW HITPOINT WARNING * * *
Natasha closely misses you.
The cerulean imp hits you from afar with a +0 spear.
You die...

###.......#.##### #.###
#..)........##########....
#.#....................##>
#.#.......#########.#####.
...........# #.# #.
##.....###.# #.# #.
####### #.# #.# #. #.# #.#
#. #@# #.# #.
#######h#########.# #<
.......5..........# #.
#>##...........#### #.
#....######.########.
####.######..........
#.................
##################


You could see Natasha and a cerulean imp (summoned).

Vanquished Creatures
  An iguana (D:4)
  Natasha (twice) (D:2)
  5 dart slugs
  An orc (D:4)
  3 endoplasms (D:1)
  3 giant cockroaches
  10 goblins
  3 hobgoblins (D:1)
  2 jackals (D:2)
  5 kobolds
  2 quokkas (D:1)
  5 ball pythons
  2 bats (D:1)
  A frilled lizard (D:1)
  3 rats
48 creatures vanquished.

Notes
Turn   | Place    | Note
-------+----------+-------------------------------------------
     0 | D:5      | Kurtz the Mummy Delver began the quest for the Orb.
     0 | D:5      | Reached XP level 1. HP: 18/18 MP: 1/1
    15 | D:4      | Noticed an iguana
    21 | D:4      | Killed an iguana
    22 | D:4      | Reached XP level 2. HP: 24/24 MP: 2/2
    22 | D:4      | Reached XP level 3. HP: 29/29 MP: 3/3
    67 | D:4      | Found a blossoming altar of Fedhas.
  1210 | D:1      | Reached XP level 4. HP: 35/35 MP: 4/4
  1753 | D:2      | Noticed Natasha
  1767 | D:2      | Killed Natasha
  1934 | D:2      | Noticed Natasha
  1946 | D:2      | Killed Natasha
  1947 | D:2      | Reached XP level 5. HP: 9/41 MP: 5/5
  1959 | D:2      | Noticed Natasha
  1963 | D:2      | Slain by a cerulean imp

Illustrated notes

Levels and vault maps discovered:
D:1:      dpeg_arrival_tiny_i, layout_loops_ring, minmay_cut_off
D:2:      layout_loops_ring, uniq_natasha
D:3:      layout_loops_corners, mrwooster_statue_mirror, nrook_mini_vaults
D:4:      cheibrodos_old_hovel, layout_loops_ring, lemuel_doored_altar,
          cheibrodos_ashenzari_chains, fedhas_altar_1
D:5:      layout_basic, minmay_temple_entry_wispy

Skill      XL: |  1  2  3  4 |
---------------+-------------+-----
Axes           | 2 3 4 |  4.3
Fighting       | |  3.0
Dodging        | |  1.5
Stealth        | |  4.1

Action                     |  1- 3 |  4- 6 || total
---------------------------+-------+-------++-------
  Melee: Bardiche          |   114 |    77 ||   191
         Hand axe          |       |    16 ||    16
   Stab: Sleeping          |     3 |       ||     3
 Armour: Scale mail        |   116 |    91 ||   207
         Leather armour    |     8 |       ||     8
  Dodge: Dodged            |    89 |    59 ||   148

Table legend: (Time is in decaauts)
 A = Elapsed time spent in this place.
 B = Non-inter-level travel time spent in this place.
 C = Inter-level travel time spent in this place.
 D = Time resting spent in this place.
 E = Time spent auto-exploring this place.
 F = Levels seen in this place.
 G = Mean time per level.
                   A        B        C        D        E       F      G
               +--------+--------+--------+--------+--------+-----+--------+
         Total |   2116 |   2049 |     67 |    384 |   1074 |   5 |  423.2 |
       Dungeon |   2116 |   2049 |     67 |    384 |   1074 |   5 |  423.2 |
               +--------+--------+--------+--------+--------+-----+--------+

Top non-repeatable levels by time:
     D:1: 1098 daAuts
     D:3: 371 daAuts
     D:2: 350 daAuts
     D:4: 287 daAuts
     D:5: 9 daAuts
